TOP OF THE 1ST |
Minnesota (NYP) Twins batting - Pitching for Spokane Indians : LHP Joel Page
|
Pitching: LHP Joel Page
|
|
Batting: RHB Caleb Bockmann
|
0-0: Called Strike 0-1: Ball 1-1: Ball 2-1: Ball 3-1: Foul Ball, location: 2F 3-2: DOUBLE (Line Drive, 89D, EV 113.1 MPH)
|
Batting: RHB David McClellan
|
0-0: Ball 1-0: Ground out 3-1 (Groundball, 13, EV 77.5 MPH) Caleb Bockmann to third
|
Batting: LHB Tomas Espino
|
0-0: Ball 1-0: Called Strike 1-1: Called Strike 1-2: Strikes out looking
|
Batting: RHB Tim Carter
|
0-0: Ball 1-0: Ball 2-0: Foul Ball, location: 2F 2-1: Swinging Strike 2-2: Ball 3-2: Strikes out looking
|
Top of the 1st over - 0 runs, 1 hit, 0 errors, 1 left on base; Minnesota (NYP) 0 - Spokane 0 |
BOTTOM OF THE 1ST |
Spokane Indians batting - Pitching for Minnesota (NYP) Twins : LHP Willie Jimenez
|
Pitching: LHP Willie Jimenez
|
|
Batting: RHB Theo van Gent
|
0-0: Called Strike 0-1: Swinging Strike 0-2: Ball 1-2: Strikes out swinging
|
Batting: RHB George King
|
0-0: Ball 1-0: Foul Ball, location: 2F 1-1: Ball 2-1: Foul Ball, location: 2F 2-2: Ball 3-2: Foul Ball, location: 2F 3-2: Foul Ball, location: 2F 3-2: Foul Ball, location: 2F 3-2: Ground out 3-1 (Groundball, 34, EV 106.2 MPH)
|
Batting: RHB Andres Mendiola
|
0-0: Ball 1-0: Ball 2-0: Ball 3-0: Base on Balls
|
Batting: RHB Aaron Graham
|
0-0: Ball 1-0: Fly out, F9 (Flyball, 9D, EV 102.5 MPH)
|
Bottom of the 1st over - 0 runs, 0 hits, 0 errors, 1 left on base; Minnesota (NYP) 0 - Spokane 0 |
TOP OF THE 2ND |
Minnesota (NYP) Twins batting - Pitching for Spokane Indians : LHP Joel Page
|
Batting: SHB Chris Hull
|
0-0: Ball 1-0: Called Strike 1-1: Foul Ball, location: 2F 1-2: SINGLE (Line Drive, 78S, EV 105.6 MPH)
|
Batting: RHB Ton van Dijk
|
0-0: Called Strike 0-1: Ball 1-1: Ball 2-1: Foul Ball, location: 2F 2-2: Strikes out looking
|
Batting: RHB Willie Jimenez
|
0-0: Ball 1-0: Fly out, F7 (Flyball, 7, EV 89.4 MPH)
|
Batting: LHB David Ramos
|
0-0: Ball 1-0: Foul Ball, location: 2F 1-1: Fielders Choice at 2nd, 6-4 (Groundball, 6D, EV 99.4 MPH)
|
Top of the 2nd over - 0 runs, 1 hit, 0 errors, 1 left on base; Minnesota (NYP) 0 - Spokane 0 |
BOTTOM OF THE 2ND |
Spokane Indians batting - Pitching for Minnesota (NYP) Twins : LHP Willie Jimenez
|
Batting: RHB Salvador Caldera
|
0-0: Ball 1-0: Ball 2-0: Called Strike 2-1: Foul Ball, location: 2F 2-2: Foul Ball, location: 2F 2-2: Strikes out looking
|
Batting: RHB Luis Arce
|
0-0: DOUBLE (Line Drive, 7LM, EV 112.5 MPH)
|
Batting: RHB Shoh Tanioka
|
0-0: Fly out, F8 (Flyball, 8LD, EV 90.6 MPH)
|
Batting: SHB Santos Renteria
|
0-0: Called Strike 0-1: Called Strike 0-2: Ball 1-2: Strikes out swinging
|
Bottom of the 2nd over - 0 runs, 1 hit, 0 errors, 1 left on base; Minnesota (NYP) 0 - Spokane 0 |
TOP OF THE 3RD |
Minnesota (NYP) Twins batting - Pitching for Spokane Indians : LHP Joel Page
|
Batting: RHB Chris Bejarano
|
0-0: Called Strike 0-1: Called Strike 0-2: Strikes out swinging
|
Batting: RHB Caleb Bockmann
|
0-0: Hit by Pitch
|
Batting: RHB David McClellan
|
0-0: Called Strike 0-1: Foul Ball, location: 2F 0-2: SINGLE (Groundball, 34D, EV 101.9 MPH) Caleb Bockmann to second Runner from 2nd tries for 3rd, SAFE, throw by RF made at trailing runner, OUT! 9-6
|
Batting: LHB Tomas Espino
|
0-0: Called Strike 0-1: Swinging Strike 0-2: Ball 1-2: SINGLE (Groundball, 4D, EV 102.5 MPH) Caleb Bockmann scores
|
Batting: RHB Tim Carter
|
0-0: Called Strike 0-1: SINGLE (Line Drive, 89M, EV 93.1 MPH) Tomas Espino to second
|
Batting: SHB Chris Hull
|
0-0: Called Strike 0-1: Ball 1-1: Ball 2-1: Foul Ball, location: 2F 2-2: Strikes out swinging
|
Top of the 3rd over - 1 run, 3 hits, 0 errors, 2 left on base; Minnesota (NYP) 1 - Spokane 0 |
BOTTOM OF THE 3RD |
Spokane Indians batting - Pitching for Minnesota (NYP) Twins : LHP Willie Jimenez
|
Batting: RHB Ferdi Schipper
|
0-0: Called Strike 0-1: Called Strike 0-2: Ball 1-2: Strikes out looking
|
Batting: RHB Theo van Gent
|
0-0: Ball 1-0: Called Strike 1-1: Called Strike 1-2: Fly out, F8 (Flyball, 8RD, EV 92.5 MPH)
|
Batting: RHB George King
|
0-0: Called Strike 0-1: Foul Ball, location: 2F 0-2: Ball 1-2: Foul Ball, location: 2F 1-2: Ball 2-2: Foul Ball, location: 2F 2-2: Ball 3-2: Strikes out swinging
|
Bottom of the 3rd over - 0 runs, 0 hits, 0 errors, 0 left on base; Minnesota (NYP) 1 - Spokane 0 |
TOP OF THE 4TH |
Minnesota (NYP) Twins batting - Pitching for Spokane Indians : LHP Joel Page
|
Batting: RHB Ton van Dijk
|
0-0: Called Strike 0-1: Ball 1-1: Foul Ball, location: 2F 1-2: Ground out U3 (Groundball, 34S, EV 88.8 MPH)
|
Batting: RHB Willie Jimenez
|
0-0: Called Strike 0-1: Called Strike 0-2: Ball 1-2: Strikes out swinging
|
Batting: LHB David Ramos
|
0-0: Ground out 4-3 (Groundball, 4, EV 104.4 MPH)
|
Top of the 4th over - 0 runs, 0 hits, 0 errors, 0 left on base; Minnesota (NYP) 1 - Spokane 0 |
BOTTOM OF THE 4TH |
Spokane Indians batting - Pitching for Minnesota (NYP) Twins : LHP Willie Jimenez
|
Batting: RHB Andres Mendiola
|
0-0: Called Strike 0-1: Ball 1-1: Ball 2-1: Ball 3-1: Fly out, F5 (Popup, 25F, EV 87.5 MPH)
|
Batting: RHB Aaron Graham
|
0-0: Ball 1-0: Ball 2-0: Swinging Strike 2-1: Ball 3-1: Foul Ball, location: 2F 3-2: Base on Balls
|
Batting: RHB Salvador Caldera
|
0-0: Called Strike 0-1: Ball Aaron Graham steals 2nd base 1-1: Ball Wild Pitch! Aaron Graham to third 2-1: Called Strike 2-2: Foul Ball, location: 2F 2-2: Strikes out looking
|
Batting: RHB Luis Arce
|
0-0: Ball 1-0: Called Strike 1-1: Ball 2-1: Foul Ball, location: 2F 2-2: Reached on error, E6 (Groundball, 6, EV 86.2 MPH) Aaron Graham scores
|
Batting: RHB Shoh Tanioka
|
0-0: Ball 1-0: Fielders Choice at 2nd, 5-4 (Groundball, 56, EV 81.2 MPH)
|
Bottom of the 4th over - 1 run, 0 hits, 1 error, 1 left on base; Minnesota (NYP) 1 - Spokane 1 |
TOP OF THE 5TH |
Minnesota (NYP) Twins batting - Pitching for Spokane Indians : LHP Joel Page
|
Batting: RHB Chris Bejarano
|
0-0: Ball 1-0: Swinging Strike 1-1: Ball 2-1: Called Strike 2-2: Foul Ball, location: 2F 2-2: Ground out 4-3 (Groundball, 4M, EV 76.2 MPH)
|
Batting: RHB Caleb Bockmann
|
0-0: Ball 1-0: Ball 2-0: Foul Ball, location: 2F 2-1: Foul Ball, location: 2F 2-2: Ball 3-2: Foul Ball, location: 2F 3-2: Fly out, F7 (Flyball, 78S, EV 89.4 MPH)
|
Batting: RHB David McClellan
|
0-0: Ball 1-0: Called Strike 1-1: Foul Ball, location: 2F 1-2: TRIPLE (Line Drive, 7LD, EV 107.5 MPH)
|
Batting: LHB Tomas Espino
|
0-0: Ball 1-0: Swinging Strike 1-1: Called Strike 1-2: Ball 2-2: Strikes out looking
|
Top of the 5th over - 0 runs, 1 hit, 0 errors, 1 left on base; Minnesota (NYP) 1 - Spokane 1 |
BOTTOM OF THE 5TH |
Spokane Indians batting - Pitching for Minnesota (NYP) Twins : LHP Willie Jimenez
|
Batting: SHB Santos Renteria
|
0-0: Ground out 6-3 (Groundball, 6, EV 89.4 MPH)
|
Batting: RHB Ferdi Schipper
|
0-0: Called Strike 0-1: Swinging Strike 0-2: Strikes out swinging
|
Batting: RHB Theo van Gent
|
0-0: Ball 1-0: Ball 2-0: Called Strike 2-1: SINGLE (Groundball, 6MD, EV 108.1 MPH)
|
Batting: RHB George King
|
0-0: Ball 1-0: Ball 2-0: Ball Wild Pitch! Theo van Gent to second 3-0: Called Strike 3-1: Foul Ball, location: 2F 3-2: SINGLE (Groundball, 6, EV 97.5 MPH) Theo van Gent to third Runner from 3rd tries for Home, SAFE, throw by CF to home
|
Pitching: RHP Andrew Rich
|
|
Batting: RHB Andres Mendiola
|
0-0: Ball 1-0: Called Strike George King steals 2nd base (no throw) 1-1: Swinging Strike 1-2: Strikes out swinging
|
Bottom of the 5th over - 1 run, 2 hits, 0 errors, 1 left on base; Minnesota (NYP) 1 - Spokane 2 |
TOP OF THE 6TH |
Minnesota (NYP) Twins batting - Pitching for Spokane Indians : LHP Joel Page
|
Batting: RHB Tim Carter
|
0-0: Ground out 6-3 (Groundball, 6, EV 102.5 MPH)
|
Batting: SHB Chris Hull
|
0-0: Ball 1-0: Ball 2-0: Swinging Strike 2-1: Swinging Strike 2-2: Ball 3-2: Base on Balls
|
Batting: RHB Ton van Dijk
|
0-0: Called Strike 0-1: Foul Ball, location: 2F 0-2: Ball 1-2: Strikes out swinging
|
Batting: RHB Willie Jimenez
|
0-0: Called Strike 0-1: Ball 1-1: Called Strike 1-2: Foul Ball, location: 2F 1-2: Ball 2-2: Ball 3-2: Foul Ball, location: 2F 3-2: Strikes out swinging
|
Top of the 6th over - 0 runs, 0 hits, 0 errors, 1 left on base; Minnesota (NYP) 1 - Spokane 2 |
BOTTOM OF THE 6TH |
Spokane Indians batting - Pitching for Minnesota (NYP) Twins : RHP Andrew Rich
|
Pinch Hitting: LHB Nick Foutz
|
0-0: Ball 1-0: Ball 2-0: Fly out, F9 (Flyball, 9, EV 76.2 MPH)
|
Batting: RHB Salvador Caldera
|
0-0: Ball 1-0: Ball 2-0: Called Strike 2-1: Ball 3-1: Base on Balls
|
Pinch Hitting: SHB Kaname Fujimoto
|
Pickoff Play to 1st, Runner tries for 2nd, OUT after rundown. 0-0: Foul Ball, location: 2F 0-1: Ball 1-1: Foul Ball, location: 2F 1-2: SINGLE (Groundball, 6MD, EV 95.6 MPH)
|
Batting: RHB Shoh Tanioka
|
0-0: Called Strike 0-1: Fly out, F7 (Line Drive, 7D, EV 90.6 MPH)
|
Bottom of the 6th over - 0 runs, 1 hit, 0 errors, 1 left on base; Minnesota (NYP) 1 - Spokane 2 |
TOP OF THE 7TH |
Minnesota (NYP) Twins batting - Pitching for Spokane Indians : LHP Joel Page
|
Now at 2B: Darnell Jones
|
|
Now at SS: Andres Mendiola
|
|
Now in LF: Nick Foutz
|
|
Now in RF: Theo van Gent
|
|
Pinch Hitting: RHB Kevin Harris
|
0-0: Ball 1-0: Ground out 4-3 (Groundball, 4, EV 90.6 MPH)
|
Pinch Hitting: RHB Leo Gonzalez
|
0-0: Ball 1-0: Foul Ball, location: 2F 1-1: Foul Ball, location: 2F 1-2: Strikes out swinging
|
Batting: RHB Caleb Bockmann
|
0-0: Called Strike 0-1: Foul Ball, location: 2F 0-2: Ball 1-2: Strikes out swinging
|
Top of the 7th over - 0 runs, 0 hits, 0 errors, 0 left on base; Minnesota (NYP) 1 - Spokane 2 |
BOTTOM OF THE 7TH |
Spokane Indians batting - Pitching for Minnesota (NYP) Twins : RHP Andrew Rich
|
Now in LF: Jose Hilario
|
|
Now in CF: Ton van Dijk
|
|
Now in RF: Dave Bertheau
|
|
Batting: SHB Santos Renteria
|
0-0: Called Strike 0-1: Ball 1-1: Swinging Strike 1-2: SINGLE (Groundball, 56, EV 104.4 MPH)
|
Batting: RHB Ferdi Schipper
|
0-0: Ball Santos Renteria steals 2nd base 1-0: Foul Ball, location: 2F 1-1: Ball 2-1: Foul Ball, location: 2F 2-2: Strikes out swinging
|
Pinch Hitting: LHB Gabriel Graves
|
0-0: Called Strike Santos Renteria steals 3rd base 0-1: Ball 1-1: Ball 2-1: Ground out 3-1 (Groundball, 34, EV 76.9 MPH)
|
Batting: RHB George King
|
0-0: Swinging Strike 0-1: Ball 1-1: Ball 2-1: Swinging Strike 2-2: Foul Ball, location: 2F 2-2: Foul Ball, location: 2F 2-2: Strikes out looking
|
Bottom of the 7th over - 0 runs, 1 hit, 0 errors, 1 left on base; Minnesota (NYP) 1 - Spokane 2 |
TOP OF THE 8TH |
Minnesota (NYP) Twins batting - Pitching for Spokane Indians : LHP Joel Page
|
Pitching: RHP Chad Steffee
|
|
Now at 1B: Herb Craig
|
|
Now in RF: Caleb Domino
|
|
Pinch Hitting: LHB Ricardo Batista
|
0-0: Called Strike 0-1: Ball 1-1: Ball 2-1: Ball 3-1: Base on Balls
|
Pitching: LHP Nate Ciccarelli
|
|
Batting: LHB Tomas Espino
|
0-0: Swinging Strike 0-1: Ball 1-1: Grounds into double play, 1-6-3 (Groundball, P, EV 69.4 MPH)
|
Pitching: LHP Josh Black
|
|
Batting: RHB Tim Carter
|
0-0: Swinging Strike 0-1: Foul Ball, location: 2F 0-2: Ball 1-2: Fly out, F8 (Flyball, 8LD, EV 82.5 MPH)
|
Top of the 8th over - 0 runs, 0 hits, 0 errors, 0 left on base; Minnesota (NYP) 1 - Spokane 2 |
BOTTOM OF THE 8TH |
Spokane Indians batting - Pitching for Minnesota (NYP) Twins : RHP Andrew Rich
|
Now at SS: Sergio Gomez
|
|
Batting: RHB Andres Mendiola
|
0-0: Ball 1-0: Ball 2-0: SINGLE (Groundball, 6MS, EV 70.0 MPH) (infield hit)
|
Pitching: RHP Dean Huch
|
|
Batting: LHB Nick Foutz
|
0-0: Ball 1-0: Ball Andres Mendiola steals 2nd, throwing error, E2 Andres Mendiola to third 2-0: Foul Ball, location: 2F 2-1: SINGLE (Line Drive, 9S, EV 102.5 MPH) Andres Mendiola scores
|
Batting: RHB Salvador Caldera
|
0-0: Called Strike Nick Foutz steals 2nd base 0-1: SINGLE (Flyball, 89S, EV 95.0 MPH) Nick Foutz to third Runner from 3rd tries for Home, SAFE, throw by RF to home
|
Batting: RHB Darnell Jones
|
0-0: Bunted foul 0-1: Called Strike Salvador Caldera steals 2nd base 0-2: Foul Ball, location: 2F 0-2: Ball 1-2: Foul Ball, location: 2F 1-2: Foul Ball, location: 2F 1-2: Ball 2-2: Foul Ball, location: 2F 2-2: Ground out 5-3 (Groundball, 56S, EV 68.8 MPH) Salvador Caldera to third
|
Batting: RHB Shoh Tanioka
|
0-0: Ball 1-0: Foul Ball, location: 2F 1-1: Ground out 6-3 (Groundball, 6, EV 86.9 MPH) Salvador Caldera scores
|
Batting: SHB Santos Renteria
|
0-0: Ball 1-0: Swinging Strike 1-1: Ball 2-1: Ball 3-1: Foul Ball, location: 2F 3-2: SINGLE (Groundball, 4MD, EV 93.8 MPH)
|
Batting: LHB Caleb Domino
|
0-0: Ball Santos Renteria steals 2nd, throwing error, E2 Santos Renteria to third 1-0: Swinging Strike 1-1: Ball 2-1: Ball 3-1: Called Strike 3-2: Foul Ball, location: 2F 3-2: Strikes out swinging
|
Bottom of the 8th over - 3 runs, 4 hits, 2 errors, 1 left on base; Minnesota (NYP) 1 - Spokane 5 |
TOP OF THE 9TH |
Minnesota (NYP) Twins batting - Pitching for Spokane Indians : LHP Josh Black
|
Batting: SHB Chris Hull
|
0-0: Foul Ball, location: 2F 0-1: Ball 1-1: Ball 2-1: Ball 3-1: Fly out, F7 (Line Drive, 7, EV 98.1 MPH)
|
Batting: RHB Ton van Dijk
|
0-0: SINGLE (Line Drive, 4MD, EV 96.2 MPH)
|
Batting: RHB Willie Jimenez
|
0-0: Called Strike 0-1: Ball 1-1: Ball 2-1: Foul Ball, location: 2F 2-2: Strikes out swinging
|
Batting: LHB Jose Hilario
|
0-0: Fielders Choice at 2nd, 6-4 (Groundball, 6, EV 85.0 MPH)
|
Top of the 9th over - 0 runs, 1 hit, 0 errors, 1 left on base; Minnesota (NYP) 1 - Spokane 5 |
|